[Event "Rated Rapid game"]
[Site "?"]
[Date "2021.03.27"]
[Round "?"]
[White "harunov"]
[Black "Sergiokdw"]
[Result "1-0"]
[ECO "C42"]
[WhiteElo "2517"]
[BlackElo "2323"]
[PlyCount "61"]
[EventDate "2021.??.??"]
[EventType "rapid"]
[TimeControl "600"]

1. e4 e5 2. Nf3 Nf6 3. Nxe5 d6 4. Nxf7 Kxf7 5. Bc4+ d5 6. Bb3 Bd6 7. d4 Qe7 8.
e5 Bxe5 9. dxe5 Qxe5+ 10. Be3 Be6 11. O-O Rf8 12. Bd4 Qf5 13. Re1 Nbd7 14. f3
Rae8 15. Nd2 Kg8 16. c4 c5 17. cxd5 Bxd5 18. g4 Rxe1+ 19. Qxe1 Nxg4 20. Bxd5+
Qxd5 21. Bc3 Nge5 22. Qg3 g6 23. f4 Nd3 24. Rf1 c4 25. Qe3 Nf6 26. f5 Ng4 27.
Qxa7 Qd6 28. Nf3 Rxf5 29. Qxb7 Rf7 30. Qc8+ Rf8 31. Qxg4 {Time forfeit} 1-0

[Event "Rated Blitz tournament RQArmJCU"]
[Site "?"]
[Date "2021.03.27"]
[Round "?"]
[White "Ivan11Martic"]
[Black "Kontradmiral"]
[Result "1-0"]
[ECO "C42"]
[WhiteElo "2529"]
[BlackElo "2324"]
[PlyCount "25"]
[EventDate "2021.??.??"]
[EventType "blitz"]
[TimeControl "180"]

1. e4 e5 2. Nf3 Nf6 3. Nxe5 d6 4. Nxf7 Kxf7 5. d4 c5 6. dxc5 Nc6 7. Bc4+ Be6 8.
Bxe6+ Kxe6 9. O-O d5 10. Qe2 dxe4 11. Rd1 Kf7 12. Rxd8 Rxd8 13. Be3 {Normal}
1-0

[Event "Rated Rapid game"]
[Site "?"]
[Date "2021.03.27"]
[Round "?"]
[White "Dimon2012"]
[Black "akjett"]
[Result "0-1"]
[ECO "C42"]
[WhiteElo "2373"]
[BlackElo "2522"]
[PlyCount "24"]
[EventDate "2021.??.??"]
[EventType "rapid"]
[TimeControl "600"]

1. e4 e5 2. Nf3 Nf6 3. Nxe5 d6 4. Nxf7 Kxf7 5. d4 c5 6. dxc5 Nc6 7. cxd6 Qxd6
8. Qf3 Bg4 9. Qb3+ Be6 10. Qxb7+ Be7 11. Nc3 Nd4 12. Bd3 Rhb8 {Normal} 0-1

[Event "Rated Blitz game"]
[Site "?"]
[Date "2021.03.27"]
[Round "?"]
[White "Haubentaucher"]
[Black "adnansendur"]
[Result "0-1"]
[ECO "C42"]
[WhiteElo "2438"]
[BlackElo "2381"]
[PlyCount "72"]
[EventDate "2021.??.??"]
[EventType "blitz"]
[TimeControl "180"]

1. e4 e5 2. Nf3 Nf6 3. Nxe5 d6 4. Nxf7 Kxf7 5. Nc3 Qe8 6. Bc4+ Be6 7. Bxe6+
Qxe6 8. d3 c5 9. O-O Nc6 10. f4 Be7 11. f5 Qc8 12. g4 h6 13. Bf4 Ne5 14. h3 Re8
15. Ne2 Kg8 16. Ng3 Nh7 17. Qd2 Bg5 18. b3 Bxf4 19. Qxf4 Rf8 20. Rad1 g5 21.
Qe3 Nf6 22. c3 Re8 23. d4 cxd4 24. cxd4 Nc6 25. Rfe1 Qc7 26. Kg2 Re7 27. Rd2
Rae8 28. Qf3 Qb6 29. Qd3 Nb4 30. Qf3 Nbd5 31. Kh2 Nf4 32. e5 dxe5 33. dxe5 Rxe5
34. Rxe5 Rxe5 35. Qc3 Re8 36. Qc4+ Kg7 {Time forfeit} 0-1

[Event "Rated Rapid game"]
[Site "?"]
[Date "2021.03.27"]
[Round "?"]
[White "harunov"]
[Black "Sergiokdw"]
[Result "1-0"]
[ECO "C42"]
[WhiteElo "2504"]
[BlackElo "2335"]
[PlyCount "89"]
[EventDate "2021.??.??"]
[EventType "rapid"]
[TimeControl "600"]

1. e4 e5 2. Nf3 Nf6 3. Nxe5 d6 4. Nxf7 Kxf7 5. Bc4+ d5 6. Bb3 Bd6 7. d4 Re8 8.
e5 Bxe5 9. dxe5 Rxe5+ 10. Be3 c5 11. c3 Bg4 12. Qd3 Qe7 13. Qd2 Nc6 14. O-O Kf8
15. Bg5 Rd8 16. Qf4 Rf5 17. Qxg4 Nxg4 18. Bxe7+ Nxe7 19. Nd2 d4 20. Be6 Rg5 21.
Ne4 Re5 22. Bxg4 Rxe4 23. Bf3 Re6 24. cxd4 cxd4 25. Bxb7 Rb6 26. Be4 Rxb2 27.
Bxh7 g6 28. Rfe1 Rd7 29. Re6 d3 30. Kf1 d2 31. Rd1 Kg7 32. Bxg6 Nxg6 33. g3
Rxa2 34. h4 a5 35. h5 Nf8 36. h6+ Kf7 37. Ra6 a4 38. g4 a3 39. g5 Ng6 40. Rf6+
Ke7 41. Rxg6 Rd8 42. h7 Rh8 43. Rg7+ Kf8 44. Ra7 Rb2 45. g6 {Time forfeit} 1-0

[Event "Rated Blitz game"]
[Site "?"]
[Date "2021.03.26"]
[Round "?"]
[White "Salvaged_Dirt"]
[Black "KdnaYarda"]
[Result "1-0"]
[ECO "C42"]
[WhiteElo "2413"]
[BlackElo "2396"]
[PlyCount "79"]
[EventDate "2021.??.??"]
[EventType "blitz"]
[TimeControl "180"]

1. e4 e5 2. Nf3 Nf6 3. Nxe5 d6 4. Nxf7 Kxf7 5. d4 Bg4 6. f3 Bh5 7. Nc3 d5 8. e5
Ne8 9. h4 Kg8 10. g4 Bf7 11. Bd3 c6 12. Ne2 Na6 13. c3 h5 14. g5 g6 15. Nf4 c5
16. Nxg6 Bxg6 17. Bxg6 cxd4 18. cxd4 Bb4+ 19. Bd2 Ng7 20. Bxb4 Nxb4 21. Qb3 a5
22. a3 Nc6 23. O-O-O Ne6 24. Qxb7 Ne7 25. Bc2 Rc8 26. Kb1 Qc7 27. Qxc7 Rxc7 28.
f4 Nxf4 29. Rhf1 Nfg6 30. Rf6 Nxh4 31. Rdf1 Nc6 32. R1f4 Ng2 33. Rg6+ Rg7 34.
Rxc6 Nxf4 35. Rc8+ Kf7 36. Rxh8 Rxg5 37. Rh7+ Ke6 38. Rh6+ Kd7 39. Ba4+ Ke7 40.
Rh7+ {Time forfeit} 1-0

[Event "Rated Blitz game"]
[Site "?"]
[Date "2021.03.25"]
[Round "?"]
[White "MagiqueRoger"]
[Black "TarihselOyunlar"]
[Result "1-0"]
[ECO "C42"]
[WhiteElo "2478"]
[BlackElo "2364"]
[PlyCount "41"]
[EventDate "2021.??.??"]
[EventType "blitz"]
[TimeControl "300"]

1. e4 e5 2. Nf3 Nf6 3. Nxe5 d6 4. Nxf7 Kxf7 5. d4 g6 6. Nc3 Kg7 7. Bd3 c5 8. d5
Be7 9. O-O Rf8 10. f4 Nfd7 11. a4 b6 12. Qe2 a5 13. e5 Ba6 14. Nb5 Bxb5 15.
axb5 Qc7 16. e6 Nf6 17. c4 Qb7 18. f5 Nxd5 19. Be4 gxf5 20. Bxd5 Qa7 21. Qh5 {
Normal} 1-0

[Event "Rated Blitz game"]
[Site "?"]
[Date "2021.03.25"]
[Round "?"]
[White "Doubleb17"]
[Black "TheBigPhoenix"]
[Result "1-0"]
[ECO "C42"]
[WhiteElo "2414"]
[BlackElo "2333"]
[PlyCount "127"]
[EventDate "2021.??.??"]
[EventType "blitz"]
[TimeControl "180"]

1. e4 e5 2. Nf3 Nf6 3. Nxe5 d6 4. Nxf7 Kxf7 5. Nc3 g6 6. Bc4+ Kg7 7. O-O Be7 8.
d4 Rf8 9. f4 d5 10. Nxd5 Nxe4 11. Nxe7 Qxe7 12. b3 Nf6 13. Bb2 Qe3+ 14. Kh1 Ne4
15. d5+ Kh6 16. Bd4 Qd2 17. Qf3 Qxd4 18. Rad1 Nd2 19. Qe2 Bf5 20. Rxd2 Qf6 21.
g4 Bxg4 22. Qxg4 Nd7 23. Re2 Nc5 24. b4 Qd4 25. Qh4+ Kg7 26. Re7+ Rf7 27. Rxf7+
Kxf7 28. Qxh7+ Kf6 29. Qh4+ Kf7 30. Re1 Ne4 31. Bd3 Nf2+ 32. Kg2 Nxd3 33. Qe7+
Kg8 34. Qe6+ Kh8 35. Qh3+ Kg8 36. Qxd3 Qxd3 37. cxd3 Rd8 38. Re5 Kf7 39. f5 Kf6
40. Re6+ Kxf5 41. Re7 Rxd5 42. Rxc7 Rxd3 43. Rxb7 Rd2+ 44. Kg3 Rxa2 45. Rb5+
Ke4 46. h4 Kd4 47. Kf4 Kc4 48. Rb7 Ra4 49. Kg5 Rxb4 50. Rxa7 Rb6 51. Rg7 Kd5
52. Rxg6 Rb1 53. h5 Rg1+ 54. Kf6 Rh1 55. h6 Ke4 56. Kg7 Kf5 57. h7 Ra1 58. Rf6+
Kg5 59. h8=Q Ra7+ 60. Rf7 Rxf7+ 61. Kxf7 Kf4 62. Qf6+ Ke3 63. Ke6 Kd2 64. Kd5 {
Time forfeit} 1-0

[Event "Rated Blitz game"]
[Site "?"]
[Date "2021.03.24"]
[Round "?"]
[White "Zwanezang"]
[Black "Betonschach1"]
[Result "0-1"]
[ECO "C42"]
[WhiteElo "2344"]
[BlackElo "2408"]
[PlyCount "54"]
[EventDate "2021.??.??"]
[EventType "blitz"]
[TimeControl "300"]

1. e4 e5 2. Nf3 Nf6 3. Nxe5 d6 4. Nxf7 Kxf7 5. d4 c5 6. dxc5 Nc6 7. cxd6 Qxd6
8. Bd3 Bg4 9. f3 Be6 10. Be3 Be7 11. O-O Rhf8 12. Nc3 Kg8 13. Qe2 Nd4 14. Qf2
Rad8 15. Rad1 a6 16. h3 Rd7 17. f4 Qb4 18. a3 Qc5 19. Kh1 Rfd8 20. Ne2 Qh5 21.
Nxd4 Rxd4 22. Bxd4 Rxd4 23. Qxd4 Bxh3 24. Qc4+ Be6+ 25. Kg1 Bxc4 26. Bxc4+ Kf8
27. Be6 Bc5+ {Normal} 0-1

[Event "Rated Blitz game"]
[Site "?"]
[Date "2021.03.23"]
[Round "?"]
[White "Zwanezang"]
[Black "Jakob19"]
[Result "0-1"]
[ECO "C42"]
[WhiteElo "2351"]
[BlackElo "2408"]
[PlyCount "80"]
[EventDate "2021.??.??"]
[EventType "blitz"]
[TimeControl "300"]

1. e4 e5 2. Nf3 Nf6 3. Nxe5 d6 4. Nxf7 Kxf7 5. d4 c5 6. dxc5 Nc6 7. cxd6 Bxd6
8. Bd3 Re8 9. O-O Kg8 10. Nc3 Bg4 11. f3 Bh5 12. Be3 Qe7 13. Qd2 Rad8 14. Rad1
a6 15. Qf2 Ne5 16. Rfe1 b5 17. a3 Kh8 18. h3 Bc7 19. g4 Bf7 20. f4 Nc4 21. Bxc4
bxc4 22. e5 Nd5 23. Nxd5 Rxd5 24. Rxd5 Bxd5 25. Rd1 Bb7 26. Bc5 Qe6 27. Bd6 Qc8
28. Qc5 Bxd6 29. Qxc8 Rxc8 30. Rxd6 Kg8 31. Kf2 Rc7 32. Ke3 Kf7 33. f5 h6 34.
Kf4 c3 35. b4 Bc6 36. h4 Ba4 37. e6+ Ke7 38. Ke5 Bxc2 39. g5 hxg5 40. hxg5 Bxf5
{Normal} 0-1

[Event "Rated Blitz game"]
[Site "?"]
[Date "2021.03.23"]
[Round "?"]
[White "MagiqueRoger"]
[Black "Honolux"]
[Result "1-0"]
[ECO "C42"]
[WhiteElo "2494"]
[BlackElo "2341"]
[PlyCount "93"]
[EventDate "2021.??.??"]
[EventType "blitz"]
[TimeControl "300"]

1. e4 e5 2. Nf3 Nf6 3. Nxe5 d6 4. Nxf7 Kxf7 5. d4 c5 6. dxc5 Nc6 7. Nc3 dxc5 8.
Bc4+ Be6 9. Bxe6+ Kxe6 10. Qe2 Bd6 11. Bg5 Re8 12. O-O-O Nd4 13. Qc4+ Kd7 14.
f4 h6 15. e5 hxg5 16. exd6 Re6 17. Qxc5 Nc6 18. Qxg5 Qf8 19. Nb5 Ne4 20. Qh4
Qf6 21. Qxf6 Rxf6 22. Rhe1 Nxd6 23. g4 a6 24. g5 axb5 25. gxf6 gxf6 26. Kb1 Rh8
27. Re2 f5 28. Re5 Kc7 29. Red5 Rh6 30. a3 Ne7 31. Rc5+ Kb6 32. Re5 Nec8 33.
Rd2 Rh4 34. Rf2 Kc6 35. b3 Nb6 36. Rd2 Rxf4 37. Re6 Nbc8 38. Rh6 b6 39. h4 Rf1+
40. Kb2 f4 41. Rh2 Ne7 42. h5 Nef5 43. Rf6 f3 44. h6 f2 45. h7 Rb1+ 46. Kxb1
f1=Q+ 47. Ka2 {Time forfeit} 1-0

[Event "Rated Blitz game"]
[Site "?"]
[Date "2021.03.22"]
[Round "?"]
[White "SrPopando"]
[Black "vasek8804"]
[Result "1-0"]
[ECO "C42"]
[WhiteElo "2514"]
[BlackElo "2521"]
[PlyCount "41"]
[EventDate "2021.??.??"]
[EventType "blitz"]
[TimeControl "180+2"]

1. e4 e5 2. Nf3 Nf6 3. Nxe5 d6 4. Nxf7 Kxf7 5. Nc3 c5 6. Bc4+ Be6 7. Bxe6+ Kxe6
8. d4 Kf7 9. Bf4 Be7 10. dxc5 dxc5 11. Qe2 Re8 12. Qc4+ Kf8 13. O-O Nc6 14.
Rad1 Nd4 15. e5 Nh5 16. Be3 Rc8 17. a4 Qd7 18. Nb5 Qe6 19. Rxd4 cxd4 20. Qxe6
dxe3 21. fxe3+ {Normal} 1-0

[Event "Rated Blitz game"]
[Site "?"]
[Date "2021.03.21"]
[Round "?"]
[White "Zwanezang"]
[Black "uriberto"]
[Result "0-1"]
[ECO "C42"]
[WhiteElo "2337"]
[BlackElo "2417"]
[PlyCount "120"]
[EventDate "2021.??.??"]
[EventType "blitz"]
[TimeControl "300"]

1. e4 e5 2. Nf3 Nf6 3. Nxe5 d6 4. Nxf7 Kxf7 5. d4 c6 6. Nc3 g6 7. f4 Bg7 8. Bd3
Qb6 9. Be3 Qxb2 10. Ne2 Ng4 11. Bg1 Re8 12. h3 Nf6 13. e5 Nd5 14. Bf2 Bf5 15.
O-O Bxd3 16. Qxd3 Nb4 17. Qf3 Qxc2 18. Rab1 N8a6 19. a3 Nd5 20. Rxb7+ Kg8 21.
Rc1 Qa4 22. f5 dxe5 23. fxg6 Nac7 24. Qf7+ Kh8 25. Rxc7 Nxc7 26. Qxc7 hxg6 27.
dxe5 Bxe5 28. Qxc6 Qxc6 29. Rxc6 Kg7 30. Bd4 Rad8 31. Rc7+ Kf6 32. Bxe5+ Rxe5
33. Ng3 Rd3 34. Kh2 Rxa3 35. Rc6+ Kg7 36. Rc7+ Kh6 37. Rc8 Ree3 38. Nf1 Re2 39.
Ng3 Rb2 40. Nf1 a5 41. Rh8+ Kg7 42. Re8 a4 43. Ne3 Kf7 44. Rc8 Re2 45. Nc4 Raa2
46. Nd6+ Ke6 47. Nb5 Rxg2+ 48. Kh1 Rgb2 49. Nd4+ Kd7 50. Rc1 Rh2+ 51. Kg1 Rag2+
52. Kf1 Rh1+ 53. Kxg2 Rxc1 54. Kf3 a3 55. Nb3 a2 56. Nxc1 a1=Q 57. Ne2 Qf6+ 58.
Kg3 Qe5+ 59. Kf2 Qf5+ 60. Ke3 g5 {Time forfeit} 0-1

[Event "Rated Blitz tournament jWeHsGHi"]
[Site "?"]
[Date "2021.03.21"]
[Round "?"]
[White "Salvaged_Dirt"]
[Black "JohanDerksen"]
[Result "0-1"]
[ECO "C42"]
[WhiteElo "2400"]
[BlackElo "2533"]
[PlyCount "92"]
[EventDate "2021.??.??"]
[EventType "blitz"]
[TimeControl "180+2"]

1. e4 e5 2. Nf3 Nf6 3. Nxe5 d6 4. Nxf7 Kxf7 5. d4 c5 6. Nc3 cxd4 7. Qxd4 Be6 8.
Bc4 Qc8 9. Bd5 Nc6 10. Qc4 Bxd5 11. Nxd5 Ne5 12. Qb3 Nxd5 13. Qxd5+ Ke8 14. O-O
Be7 15. Bf4 Qc6 16. Qb3 Rf8 17. Bg3 Rc8 18. f4 Ng4 19. Rae1 Qb6+ 20. Qxb6 axb6
21. c3 Rc4 22. Rf3 Kf7 23. h3 Nf6 24. e5 Nh5 25. Bh2 dxe5 26. fxe5+ Ke6 27. Rd3
Bc5+ 28. Kh1 Nf4 29. Rf3 Ng6 30. Rd3 Ra4 31. a3 Rf2 32. b4 Be7 33. Bg1 Rc2 34.
Ra1 Nf4 35. Rg3 g5 36. Bxb6 Ne2 37. Rg4 Rxc3 38. Re1 Ng3+ 39. Kh2 Nf5 40. Bc5
Bxc5 41. bxc5 Rxg4 42. hxg4 Nh6 43. Rb1 Nxg4+ 44. Kg1 Rxc5 45. Kf1 Rc7 46. Rb4
Nxe5 {Normal} 0-1

[Event "Rated Blitz tournament QWOHiHy2"]
[Site "?"]
[Date "2021.03.21"]
[Round "?"]
[White "Morlockk"]
[Black "Centellla0503"]
[Result "0-1"]
[ECO "C42"]
[WhiteElo "2457"]
[BlackElo "2289"]
[PlyCount "64"]
[EventDate "2021.??.??"]
[EventType "blitz"]
[TimeControl "180+2"]

1. e4 e5 2. Nf3 Nf6 3. Nxe5 d6 4. Nxf7 Kxf7 5. d4 c5 6. c3 cxd4 7. cxd4 Nc6 8.
d5 Ne5 9. Nc3 Be7 10. f4 Bg4 11. Qb3 Ng6 12. Qxb7 Qa5 13. Qb5 Qc7 14. h3 Rab8
15. Qd3 Bd7 16. g4 Qa5 17. Bg2 Bb5 18. Qg3 Bc4 19. b3 Bxb3 20. axb3 Qxa1 21.
O-O Rxb3 22. Bd2 Qb2 23. Rf2 Rc8 24. e5 Rbxc3 25. Bxc3 Qxc3 26. Qxc3 Rxc3 27.
exf6 Bxf6 28. Ra2 Nxf4 29. Be4 Bd4+ 30. Kh1 Rxh3+ 31. Rh2 Rxh2+ 32. Kxh2 h6 {
Normal} 0-1

[Event "Rated Blitz game"]
[Site "?"]
[Date "2021.03.20"]
[Round "?"]
[White "Fleetwood_Mac"]
[Black "Betonschach1"]
[Result "1/2-1/2"]
[ECO "C42"]
[WhiteElo "2460"]
[BlackElo "2361"]
[PlyCount "94"]
[EventDate "2021.??.??"]
[EventType "blitz"]
[TimeControl "180"]

1. e4 e5 2. Nf3 Nf6 3. Nxe5 d6 4. Nxf7 Kxf7 5. Bc4+ Be6 6. Bxe6+ Kxe6 7. d4 Kf7
8. O-O g6 9. Qf3 Nc6 10. Qb3+ Kg7 11. e5 dxe5 12. dxe5 Nxe5 13. Bg5 Be7 14. Re1
Nc6 15. Qxb7 Qd5 16. Bxf6+ Bxf6 17. Qxc7+ Kh6 18. Nc3 Bxc3 19. bxc3 Rae8 20.
Red1 Qe6 21. h4 Re7 22. Qf4+ Kg7 23. Rd6 Qe5 24. Qd2 Rc7 25. h5 Re8 26. Rxc6
Rxc6 27. Qd7+ Re7 28. Qxc6 Qxh5 29. Qf3 Qxf3 30. gxf3 Rc7 31. Re1 Kf6 32. Re3
Rb7 33. c4 Rb2 34. Ra3 Rxc2 35. Rxa7 Rxc4 36. Rxh7 Ra4 37. Kg2 Rxa2 38. Rh4 Ra5
39. Rg4 g5 40. Rg3 Kf5 41. Rg4 Ra8 42. Rg3 Rh8 43. Kg1 Rh4 44. Kg2 Rf4 45. Kg1
Rh4 46. Kg2 Rf4 47. Kg1 Rh4 {Normal} 1/2-1/2

[Event "Rated Rapid game"]
[Site "?"]
[Date "2021.03.20"]
[Round "?"]
[White "Badbear"]
[Black "Maggie619"]
[Result "0-1"]
[ECO "C42"]
[WhiteElo "2421"]
[BlackElo "2389"]
[PlyCount "64"]
[EventDate "2021.??.??"]
[EventType "rapid"]
[TimeControl "600"]

1. e4 e5 2. Nf3 Nf6 3. Nxe5 d6 4. Nxf7 Kxf7 5. d4 c5 6. Bc4+ d5 7. exd5 b5 8.
Bxb5 Qxd5 9. Be2 Qxd4 10. Qxd4 cxd4 11. Bf3 Bb4+ 12. c3 Re8+ 13. Kd1 Bg4 14.
cxb4 Bxf3+ 15. gxf3 Nc6 16. Bd2 Ne5 17. Na3 Nxf3 18. Nc4 Ne4 19. Rf1 Rac8 20.
b3 Rxc4 21. bxc4 Nexd2 22. Rh1 Ne4 23. Kc2 Nxf2 24. Rhf1 Re2+ 25. Kb3 Nd2+ 26.
Ka4 Nxf1 27. Rxf1 Ke6 28. c5 a6 29. Ka5 Rxa2+ 30. Kb6 Rb2 31. c6 Rxb4+ 32. Kc5
Nd3# {Normal} 0-1

[Event "Rated Blitz game"]
[Site "?"]
[Date "2021.03.20"]
[Round "?"]
[White "JUGO-BOSS"]
[Black "Shaginyan_A"]
[Result "0-1"]
[ECO "C42"]
[WhiteElo "2314"]
[BlackElo "2467"]
[PlyCount "76"]
[EventDate "2021.??.??"]
[EventType "blitz"]
[TimeControl "180"]

1. e4 e5 2. Nf3 Nf6 3. Nxe5 d6 4. Nxf7 Kxf7 5. d4 Qe8 6. Bd3 g6 7. O-O Bg7 8.
Nd2 Rf8 9. f4 Kg8 10. c4 Nc6 11. d5 Nd4 12. Rb1 c5 13. dxc6 bxc6 14. b4 c5 15.
Bb2 Ng4 16. Qe1 Qa4 17. h3 Nh6 18. e5 dxe5 19. fxe5 Be6 20. Ne4 Nhf5 21. Nxc5
Qe8 22. g4 Nh4 23. Bxd4 Nf3+ 24. Rxf3 Rxf3 25. Be4 Rxh3 26. Nxe6 Rc8 27. Bg2
Rd3 28. Bd5 Kh8 29. Qe4 Rd2 30. Rf1 Qe7 31. Be3 Re2 32. Nxg7 Qh4 33. Rf2 Qg3+
34. Qg2 Re1+ 35. Rf1 Qxe3+ 36. Kh2 Re2 37. Rf2 Rxf2 38. Ne6 Qf4+ {Time forfeit}
0-1

[Event "Rated Blitz game"]
[Site "?"]
[Date "2021.03.20"]
[Round "?"]
[White "chessinthepark"]
[Black "TheBigPhoenix"]
[Result "1-0"]
[ECO "C42"]
[WhiteElo "2404"]
[BlackElo "2375"]
[PlyCount "93"]
[EventDate "2021.??.??"]
[EventType "blitz"]
[TimeControl "180"]

1. e4 e5 2. Nf3 Nf6 3. Nxe5 d6 4. Nxf7 Kxf7 5. d4 c5 6. Nc3 Nc6 7. Bc4+ d5 8.
Nxd5 Nxd5 9. Qh5+ g6 10. Bxd5+ Ke8 11. Bxc6+ bxc6 12. Qe5+ Qe7 13. Qxh8 Qxe4+
14. Be3 cxd4 15. Qxd4 Qxd4 16. Bxd4 c5 17. Bc3 Bf5 18. O-O-O Bh6+ 19. Kb1 Kf7
20. Rhe1 a5 21. Rd6 Bg5 22. Rc6 a4 23. Rxc5 a3 24. Rxf5+ gxf5 25. Re5 Kg6 26.
Ra5 Rd8 27. bxa3 Rd1+ 28. Kb2 Rh1 29. Be5 Rg1 30. f4 Be7 31. g3 Rg2 32. Ra7 Bc5
33. Rc7 Be3 34. a4 Rxh2 35. a5 Rg2 36. a6 Rxg3 37. a7 Bxa7 38. Rxa7 Re3 39.
Rg7+ Kh6 40. Ra7 Kg6 41. a4 h5 42. a5 h4 43. a6 h3 44. Rg7+ Kh6 45. a7 Rxe5 46.
fxe5 Kxg7 47. a8=Q {Normal} 1-0

[Event "Rated Blitz game"]
[Site "?"]
[Date "2021.03.20"]
[Round "?"]
[White "Doubleb17"]
[Black "darthpetrov2000"]
[Result "1-0"]
[ECO "C42"]
[WhiteElo "2496"]
[BlackElo "2564"]
[PlyCount "83"]
[EventDate "2021.??.??"]
[EventType "blitz"]
[TimeControl "180"]

1. e4 e5 2. Nf3 Nf6 3. Nxe5 d6 4. Nxf7 Kxf7 5. Nc3 c5 6. d4 cxd4 7. Qxd4 Be6 8.
Bc4 Qc8 9. Bb3 Nc6 10. Qd3 Be7 11. Bf4 Rd8 12. O-O-O Bxb3 13. axb3 Qe6 14. Rhe1
Kg8 15. Nd5 Rac8 16. Kb1 a6 17. c4 Qf7 18. Nxe7+ Qxe7 19. Bxd6 Qe6 20. f4 b5
21. c5 Nb4 22. Qe3 Nxe4 23. Qxe4 Qxb3 24. Qe6+ Qxe6 25. Rxe6 a5 26. Rde1 Rd7
27. Re7 Rcd8 28. Re8+ Rxe8 29. Rxe8+ Kf7 30. Rf8+ Ke6 31. f5+ Kd5 32. g4 Nd3
33. Rc8 Kc4 34. Kc2 a4 35. g5 Nb4+ 36. Kb1 Kb3 37. f6 gxf6 38. gxf6 Nd5 39. Rf8
Nc7 40. Rb8 b4 41. Rb7 Rf7 42. c6 {Normal} 1-0

[Event "Rated Blitz game"]
[Site "?"]
[Date "2021.03.19"]
[Round "?"]
[White "nicemove"]
[Black "imnow"]
[Result "0-1"]
[ECO "C42"]
[WhiteElo "2339"]
[BlackElo "2409"]
[PlyCount "100"]
[EventDate "2021.??.??"]
[EventType "blitz"]
[TimeControl "180"]

1. e4 e5 2. Nf3 Nf6 3. Nxe5 d6 4. Nxf7 Kxf7 5. Nc3 Be6 6. d4 c6 7. f4 Bg4 8.
Qd3 Be7 9. h3 Bc8 10. g4 Re8 11. g5 Nxe4 12. Nxe4 d5 13. Nc3 Bxg5+ 14. Be2 Bh4+
15. Kd1 g6 16. Rf1 Bf5 17. Qf3 Qf6 18. Be3 Nd7 19. Bf2 Bxf2 20. Rxf2 Re7 21.
Kd2 Rae8 22. Bd3 Qxd4 23. Kc1 Bxd3 24. cxd3 Re3 25. Qg4 Qxd3 26. Qxd7+ R8e7 27.
Qxe7+ Kxe7 28. Rd2 Re1+ 29. Rd1 Rxd1+ 30. Nxd1 Qxh3 31. b3 Qh2 32. Rb1 Qxf4+
33. Kc2 Qe4+ 34. Kb2 Qxb1+ 35. Kxb1 h5 36. Kc2 g5 37. Kd3 c5 38. Ke3 Ke6 39.
Nf2 c4 40. bxc4 dxc4 41. Kd4 b5 42. Kc5 a6 43. Kb6 c3 44. Kxa6 c2 45. Nd3 h4
46. Kxb5 h3 47. a4 h2 48. Nf2 c1=Q 49. Nd3 Qb1+ 50. Nb4 h1=Q {Time forfeit} 0-1

[Event "Rated Blitz game"]
[Site "?"]
[Date "2021.03.19"]
[Round "?"]
[White "Zombieblitz"]
[Black "renavacio90"]
[Result "0-1"]
[ECO "C42"]
[WhiteElo "2412"]
[BlackElo "2365"]
[PlyCount "46"]
[EventDate "2021.??.??"]
[EventType "blitz"]
[TimeControl "180"]

1. e4 e5 2. Nf3 Nf6 3. Nxe5 d6 4. Nxf7 Kxf7 5. Nc3 g6 6. Bc4+ Be6 7. Bxe6+ Kxe6
8. O-O Bg7 9. d4 Rf8 10. f4 Kf7 11. f5 Kg8 12. fxg6 hxg6 13. Bg5 Nbd7 14. Qd3
Qe8 15. Rf3 Nh5 16. Raf1 Rxf3 17. Rxf3 c6 18. g4 Nhf6 19. h3 Nh7 20. Bh4 Qe6
21. d5 cxd5 22. Nxd5 Ne5 23. Ne7+ Kh8 {Normal} 0-1

[Event "Rated Blitz game"]
[Site "?"]
[Date "2021.03.19"]
[Round "?"]
[White "irekyouall"]
[Black "Sailor1951"]
[Result "1-0"]
[ECO "C42"]
[WhiteElo "2473"]
[BlackElo "2645"]
[PlyCount "31"]
[EventDate "2021.??.??"]
[EventType "blitz"]
[TimeControl "180"]

1. e4 e5 2. Nf3 Nf6 3. Nxe5 d6 4. Nxf7 Kxf7 5. d4 c5 6. Nc3 cxd4 7. Qxd4 Nc6 8.
Bc4+ Be6 9. Bxe6+ Kxe6 10. Qc4+ d5 11. exd5+ Nxd5 12. O-O Ne5 13. Re1 Rc8 14.
Qb3 Rxc3 15. bxc3 Bc5 16. Bf4 {Normal} 1-0

[Event "Rated Rapid game"]
[Site "?"]
[Date "2021.03.17"]
[Round "?"]
[White "harunov"]
[Black "Sergiokdw"]
[Result "1-0"]
[ECO "C42"]
[WhiteElo "2460"]
[BlackElo "2331"]
[PlyCount "91"]
[EventDate "2021.??.??"]
[EventType "rapid"]
[TimeControl "600"]

1. e4 e5 2. Nf3 Nf6 3. Nxe5 d6 4. Nxf7 Kxf7 5. Bc4+ d5 6. Bb3 Bd6 7. d4 Re8 8.
e5 Bxe5 9. dxe5 Rxe5+ 10. Be3 Ng4 11. Qf3+ Kg8 12. O-O Nxe3 13. fxe3 Rf5 14.
Qxf5 Bxf5 15. Rxf5 c6 16. Nc3 Nd7 17. e4 Qb6+ 18. Kh1 Nc5 19. exd5 Nxb3 20.
axb3 cxd5 21. Nxd5 Qd4 22. c3 Qd2 23. Raf1 h6 24. h4 Re8 25. h5 Re4 26. Nf4 Re1
27. Ng6 Rxf1+ 28. Rxf1 Kh7 29. Rf5 Qd1+ 30. Kh2 Qg4 31. Re5 b6 32. b4 a6 33. c4
Qd1 34. c5 a5 35. cxb6 axb4 36. b7 Qd6 37. g4 Kg8 38. Ne7+ Kf7 39. Nc6 Qd2+ 40.
Kg3 Qd3+ 41. Kh4 Qd2 42. Rf5+ Ke6 43. b8=Q Qe1+ 44. Kh3 Qh1+ 45. Qh2 Qxc6 46.
Qe5+ {Normal} 1-0

[Event "Rated Rapid game"]
[Site "?"]
[Date "2021.03.17"]
[Round "?"]
[White "harunov"]
[Black "Sergiokdw"]
[Result "1-0"]
[ECO "C42"]
[WhiteElo "2464"]
[BlackElo "2328"]
[PlyCount "37"]
[EventDate "2021.??.??"]
[EventType "rapid"]
[TimeControl "600"]

1. e4 e5 2. Nf3 Nf6 3. Nxe5 d6 4. Nxf7 Kxf7 5. Bc4+ d5 6. Bb3 Qe8 7. Nc3 Be6 8.
e5 d4 9. Ne2 Bxb3 10. exf6 Bc4 11. d3 Bb4+ 12. Bd2 Bxd2+ 13. Qxd2 Bd5 14. Qg5
Bc6 15. Qxg7+ Ke6 16. f7 Qf8 17. Nxd4+ Kd6 18. Qf6+ Kc5 19. Ne6+ {Normal} 1-0

[Event "Rated Blitz game"]
[Site "?"]
[Date "2021.03.15"]
[Round "?"]
[White "arturchix"]
[Black "Vladimirovich9000"]
[Result "1-0"]
[ECO "C42"]
[WhiteElo "2754"]
[BlackElo "2831"]
[PlyCount "41"]
[EventDate "2021.??.??"]
[EventType "blitz"]
[TimeControl "180"]

1. e4 e5 2. Nf3 Nf6 3. Nxe5 d6 4. Nxf7 Kxf7 5. d4 c6 6. Nc3 Be7 7. f4 Re8 8.
Bd3 Bg4 9. Qd2 Qb6 10. Qf2 c5 11. dxc5 dxc5 12. h3 c4 13. Bxc4+ Be6 14. Bxe6+
Kxe6 15. Qe2 Nc6 16. Be3 Qxb2 17. Qc4+ Kd7 18. Rb1 Qxc2 19. Rxb7+ Kd8 20. Qxc6
Rc8 21. Bb6+ {Normal} 1-0

[Event "Rated Blitz game"]
[Site "?"]
[Date "2021.03.15"]
[Round "?"]
[White "irekyouall"]
[Black "Jup78"]
[Result "1/2-1/2"]
[ECO "C42"]
[WhiteElo "2458"]
[BlackElo "2402"]
[PlyCount "116"]
[EventDate "2021.??.??"]
[EventType "blitz"]
[TimeControl "180"]

1. e4 e5 2. Nf3 Nf6 3. Nxe5 d6 4. Nxf7 Kxf7 5. d4 c5 6. Nc3 cxd4 7. Qxd4 Nc6 8.
Bc4+ Be6 9. Bxe6+ Kxe6 10. Qc4+ Kd7 11. Bg5 Be7 12. O-O-O Ke8 13. f4 Rc8 14.
Rhe1 Qa5 15. Bxf6 Bxf6 16. Rxd6 Ne7 17. Qa4+ Qxa4 18. Nxa4 Nc6 19. e5 Be7 20.
Rd2 Kf7 21. a3 Rhd8 22. Nc3 Rxd2 23. Kxd2 Rd8+ 24. Kc1 g6 25. g4 Bh4 26. Rd1
Rxd1+ 27. Kxd1 Ke6 28. Ke2 g5 29. Ke3 gxf4+ 30. Kxf4 Nd4 31. Ne4 Nxc2 32. Nc5+
Ke7 33. Nxb7 h6 34. Nd6 Bg5+ 35. Ke4 Ke6 36. Nb5 a5 37. Na7 Bd8 38. Nc6 Bc7 39.
b4 axb4 40. axb4 Na3 41. Nd4+ Ke7 42. b5 Nc4 43. Kd5 Nxe5 44. Nf5+ Kf6 45. Nxh6
Nf3 46. h3 Ng1 47. h4 Nf3 48. Nf5 Nh2 49. Kc6 Bb8 50. Nd6 Nxg4 51. Ne4+ Ke5 52.
Nc5 Nf6 53. Nd7+ Nxd7 54. Kxd7 Kf5 55. Kc8 Bf4 56. b6 Kg4 57. b7 Kxh4 58. b8=Q
Bxb8 {Normal} 1/2-1/2

[Event "Rated Blitz game"]
[Site "?"]
[Date "2021.03.14"]
[Round "?"]
[White "bkoleg"]
[Black "MRNDJIC"]
[Result "1-0"]
[ECO "C42"]
[WhiteElo "2320"]
[BlackElo "2402"]
[PlyCount "45"]
[EventDate "2021.??.??"]
[EventType "blitz"]
[TimeControl "180"]

1. e4 e5 2. Nf3 Nf6 3. Nxe5 d6 4. Nxf7 Kxf7 5. d4 c5 6. dxc5 Qa5+ 7. Nc3 Qxc5
8. Be3 Qe5 9. Bc4+ Be6 10. Bd4 Qg5 11. Bxe6+ Kxe6 12. O-O Nc6 13. Be3 Qh5 14.
Qd3 Re8 15. Rad1 Qa5 16. f4 Kf7 17. Qc4+ d5 18. Nxd5 Nxd5 19. exd5 Rxe3 20.
dxc6+ Ke8 21. c7 Bc5 22. c8=Q+ Ke7 23. Q8xc5+ {Normal} 1-0